 Dungeon Crawl Stone Soup version 0.30-a0-509-gd016549fea (webtiles) character file.

Game seed: 17536610814270229612

4679 xzight the Cleaver (level 10, -10/90 HPs)
             Began as a Hill Orc Fighter on Dec 22, 2022.
             Was a Follower of Ashenzari.
             Killed by divine providence
             ... invoked by an orc high priest
              (16 damage)
             ... in a bailey.
             The game lasted 00:21:59 (6843 turns).

xzight the Cleaver (Hill Orc Fighter)               Turns: 6843, Time: 00:21:59

Health: -10/90     AC: 15    Str: 17    XL:     10   Next: 44%
Magic:  10/10      EV:  7    Int: 15    God:    Ashenzari [*.....]
Gold:   242        SH:  6    Dex: 16    Spells: 9/9 levels left

rFire   + + .      SeeInvis +    b - +0 broad axe
rCold   . . .      Faith    .    c - +0 buckler
rNeg    . . .      Spirit   .    y - +0 chain mail
rPois   .          Reflect  .    j - +0 helmet "Share My Activism" {Alch, Melee} (curse)
rElec   .          Harm     .    p - +0 cloak "Pangnostic Vision" {rF++ Str-3 Int+3 SInv, Bglg, Melee} (curse)
rCorr   +          Rampage  .    l - +0 pair of gloves
Will    .....                    (no boots)
Stlth   ..........               (no amulet)
HPRegen 0.35/turn                D - +6 ring of dexterity
MPRegen 0.12/turn                R - ring of resist corrosion

@: no status effects
A: no striking features
a: Renounce Religion, Convert to Beogh, Shatter the Chains


You were in a bailey.
You worshipped Ashenzari.
Ashenzari was aware of your devotion.
You visited 2 branches of the dungeon, and saw 8 of its levels.
You also visited: Bailey.

You collected 282 gold pieces.
You spent 40 gold pieces at shops.


   Skills:
 + Level 8.8 Fighting
 * Level 12.6(13.8) Axes
 + Level 8.1 Armour
 + Level 8.1 Shields


You had 9 spell levels left.
You didn't know any spells.
Your spell library contained the following spells:

 Spells                   Type           Power      Damage    Failure   Level
 Sting                    Tmut/Pois      0%         1d3       98%         1
 Poisonous Vapours        Pois/Air       0%         N/A       99%         2
 Animate Dead             Necr           0%         N/A       100%        4
 Olgreb's Toxic Radiance  Pois           0%         N/A       100%        4
 Haunt                    Necr/Summ      0%         N/A       100%        7
 Infestation              Necr           0%         N/A       100%        8

Inventory:

Hand Weapons
 b - a +0 broad axe (weapon)
Armour
 c - a +0 buckler (worn)
 j - the cursed +0 helmet "Share My Activism" (worn) {Alch, Melee}
   (You found it on level 2 of the Dungeon)

   It has a curse which improves the following skills: Alchemy: Poison Magic and
   Transmutations.
   Melee Combat: Short Blades, Long Blades, Axes, Maces & Flails, Polearms,
   Staves and Unarmed Combat.
 l - a +0 pair of gloves (worn)
 p - the cursed +0 cloak "Pangnostic Vision" (worn) {rF++ Str-3 Int+3 SInv, Bglg, Melee}
   (You found it on level 3 of the Dungeon)

   Str:       It affects your strength (-3).
   Int:       It affects your intelligence (+3).
   rF:        It greatly protects you from fire.
   SInv:      It lets you see invisible.
   It has a curse which improves the following skills: Beguiling: Conjurations,
   Hexes and Translocations.
   Melee Combat: Short Blades, Long Blades, Axes, Maces & Flails, Polearms,
   Staves and Unarmed Combat.
 y - a +0 chain mail (worn)
Jewellery
 x - an amulet of magic regeneration
 D - a +6 ring of dexterity (left hand)
 R - a ring of resist corrosion (right hand)
 S - a +6 ring of strength
Wands
 g - a wand of polymorph (6)
 t - a wand of mindburst (22)
Scrolls
 e - a scroll of summoning
 h - 2 scrolls of magic mapping
 m - 2 scrolls of immolation
 r - 2 scrolls of teleportation {@r2}
 s - a scroll of enchant armour
 w - 2 scrolls of enchant weapon
Potions
 f - a potion of invisibility
 i - 4 potions of curing {@q1}
 q - a potion of attraction
 v - a potion of flight

Dungeon Overview and Level Annotations

Branches:
Dungeon (7/15)             Temple (1/1) D:6          Bailey (1/1)

Altars:
Ashenzari
Cheibriados
Dithmenos
Elyvilon
Fedhas
Hepliaklqana
Kikubaaqudgha
Makhleb
Nemelex Xobeh
Okawaru
Qazlal
Ru
Sif Muna
Trog
Uskayaw
Vehumet
Wu Jian
Xom
Yredelemnul
Zin
The Shining One

Shops:
D:5 !   D:6 *?[

Annotations:
D:4 exclusion: upstairs, Edmund

#≈≈≈≈≈~.▒ ▒....▒.....
#≈≈≈≈≈~.▒ ▒...o▒▒▒▒▒)
#≈≈≈≈≈~.▒▒▒▒▒▒▒▒▒....▒▒....
#≈≈≈≈≈~.▒..8.8..▒....▒▒....
#≈≈≈≈≈~∩........'.⚑..▒▒..⌠.
#≈≈≈≈≈~.▒..8.8..▒....▒▒....
#≈≈≈≈≈~.▒▒▒▒▒▒▒▒▒....▒▒....
#≈≈≈≈≈~.▒..▒.+..▒....▒▒▒▒▒'
#≈≈≈≈S~.▒[@▒.▒.!▒....▒..)..
#≈≈≈≈≈~.▒[4o.▒.))....▒..)..
#≈≈≈≈≈▒.▒▒▒▒▒▒▒▒▒▒▒▒▒▒...▒▒
#≈≈≈≈≈▒....▒....)).8.8.8.▒
#≈≈≈≈≈▒....'.....▒)......▒
#≈≈≈≈≈▒'▒..▒▒▒▒▒▒▒▒▒▒▒▒▒▒▒
#≈≈≈≈ ▒.▒..+....... #≈≈≈
▒▒▒▒▒▒~~~~~~~ ≈≈≈≈≈≈≈


You could see an orc high priest (resistant), an ice devil (summoned) and an
electric eel.


Message History

The orc high priest prays.
The orc high priest hits you with a +0 broad axe.
You closely miss the orc high priest.
The orc high priest is severely wounded.
You hit the ice devil. You block the ice devil's attack.
The orc high priest hits you with a +0 broad axe!
You closely miss the orc high priest.
The orc high priest is severely wounded.
You hit the ice devil but do no damage. You block the ice devil's attack.
The orc high priest barely misses you.
You hit the orc high priest.
The orc high priest is severely wounded.
You hit the ice devil but do no damage. The ice devil hits you!
* * * LOW HITPOINT WARNING * * *
The ice devil freezes you!
* * * LOW HITPOINT WARNING * * *
The orc high priest barely misses you.
You hit the orc high priest but do no damage.
The orc high priest is severely wounded.
You hit the ice devil. You block the ice devil's attack.
You block the orc high priest's attack.
You closely miss the orc high priest.
The orc high priest is severely wounded.
You barely miss the ice devil. The ice devil hits you!
* * * LOW HITPOINT WARNING * * *
The ice devil freezes you!
* * * LOW HITPOINT WARNING * * *
The orc high priest mumbles some strange prayers to Beogh against you.
Beogh smites you!
You die...

Skill      XL: |  1  2  3  4  5  6  7  8  9 10 |
---------------+-------------------------------+-----
Axes           | 3 4 5 6 7 9 11 12 | 12.6
Fighting       | 4 5 6 8 |  8.8
Armour         | 4 5 6 7 8 |  8.1
Shields        | 4 5 6 7 8 |  8.1

Action                   |  1- 3 |  4- 6 |  7- 9 | 10-12 || total
-------------------------+-------+-------+-------+-------++-------
Melee: War axe           |    86 |   114 |   303 |    42 ||   545
       Broad axe         |       |       |       |    37 ||    37
Invok: Curse Item        |       |       |     2 |       ||     2
Evoke: Wand              |       |       |     8 |     9 ||    17
  Use: Potion            |       |     7 |    11 |       ||    18
       Scroll            |       |     3 |     6 |       ||     9
Armor: Scale mail        |    43 |    68 |    38 |       ||   149
       Chain mail        |       |       |    99 |    19 ||   118
       Skin              |       |       |     3 |       ||     3
Dodge: Dodged            |    51 |    54 |   100 |    10 ||   215
Block: Buckler           |    24 |    39 |    90 |    18 ||   171

Levels and vault maps discovered:
D:1:      dpeg_arrival_three_same_balls, layout_rooms
D:2:      layout_basic
D:3:      layout_basic, old_standard_altar, ebering_ecumenical_altar_hall,
          minivault_11, small_statue_intersection, ebering_dispersal_statue_hall
D:4:      layout_basic, kennysheep_okawaru_gauntlet, minivault_4,
          sigmund_edmund_badplayer, uniq_ijyb, uniq_grinder
D:5:      layout_rooms, nicolae_uskayaw_suspiria, serial_shops,
          nicolae_square_shop, kennysheep_generic_room_11
D:6:      minmay_thinvault, layout_cave_pools, makhleb_grotto_becter,
          mainiacjoe_overflow_brackets, nicolae_overflow_crystal_walls,
          temple_statues, serial_shops, nicolae_stop_n_shop_1, shop, shop,
          uniq_maggie, uniq_eustachio
D:7:      layout_rooms, amcnicky_altar_gilded, enter_bailey_3, grunt_decor_cap,
          minmay_shop_damaged, uniq_duvessa, uniq_menkaure, uniq_joseph
Temple:   eino_wide_crystal_templ
Bailey:   bailey_axe_of_yendor_kennysheep, bailey

Notes
Turn   | Place    | Note
-------+----------+-------------------------------------------
     0 | D:1      | xzight the Hill Orc Fighter began the quest for the Orb.
     0 | D:1      | Reached XP level 1. HP: 19/19 MP: 1/1
   137 | D:1      | Reached skill level 3 in Axes
   178 | D:1      | Reached XP level 2. HP: 27/27 MP: 2/2
   291 | D:1      | Reached XP level 3. HP: 16/33 MP: 3/3
   423 | D:1      | Reached skill level 4 in Fighting
   982 | D:2      | Reached skill level 4 in Axes
  1334 | D:2      | Reached XP level 4. HP: 40/40 MP: 4/4
  1416 | D:3      | Identified the +0 cloak of Dust Devil {rF++ Str-3 Int+3
                  | SInv}
  1579 | D:3      | Found a blossoming altar of Fedhas.
  1580 | D:3      | Noticed a centaur
  1605 | D:3      | Killed a centaur
  1606 | D:3      | Reached skill level 4 in Armour
  1606 | D:3      | Reached skill level 4 in Shields
  1606 | D:3      | Reached XP level 5. HP: 30/47 MP: 5/5
  1807 | D:3      | Found a faded altar of an unknown god.
  1814 | D:3      | Reached skill level 5 in Axes
  2317 | D:4      | Noticed Ijyb
  2329 | D:4      | Killed Ijyb
  2388 | D:4      | Identified the +1 spear of Ru's Grace {vorpal, Stlth+}
  2415 | D:4      | Reached XP level 6. HP: 31/54 MP: 6/6
  2632 | D:4      | Found an iron altar of Okawaru.
  2697 | D:4      | Reached skill level 5 in Fighting
  2697 | D:4      | Reached skill level 6 in Axes
  2702 | D:4      | Noticed Edmund
  2712 | D:4      | HP: 5/56 [Edmund/+0 dire flail of venom (2)]
  3014 | D:4      | Identified the +2 robe of Shadows and Fog {rPois rF+}
  3029 | D:4      | Noticed Grinder
  3029 | D:4      | Noticed Sigmund
  3040 | D:4      | Killed Grinder
  3041 | D:4      | Reached XP level 7. HP: 23/61 MP: 7/7
  3047 | D:4      | Killed Sigmund
  3048 | D:4      | Reached skill level 7 in Axes
  3048 | D:4      | Reached skill level 5 in Armour
  3048 | D:4      | Reached skill level 5 in Shields
  3286 | D:5      | Entered Level 5 of the Dungeon
  3345 | D:5      | Reached XP level 8. HP: 70/70 MP: 8/8
  3358 | D:5      | Reached skill level 6 in Fighting
  3382 | D:5      | Reached skill level 8 in Axes
  3401 | D:5      | Found Nuaptiva's Distillery.
  3635 | D:5      | Found a hide-covered altar of Uskayaw.
  3785 | D:6      | Found a staircase to the Ecumenical Temple.
  3797 | Temple   | Entered the Ecumenical Temple
  3827 | Temple   | Became a worshipper of Ashenzari the Shackled
  3905 | D:6      | Noticed Maggie
  3912 | D:6      | Killed Maggie
  3913 | D:6      | Reached skill level 9 in Axes
  3913 | D:6      | Reached skill level 6 in Armour
  3913 | D:6      | Reached skill level 6 in Shields
  3951 | D:6      | Found a hazy altar of Hepliaklqana.
  4186 | D:6      | Found Acvu's Antique Armour Shoppe.
  4229 | D:6      | Found Aqetsuzo's Magic Scroll Shop.
  4241 | D:6      | Bought a scroll of identify for 20 gold pieces
  4241 | D:6      | Bought a scroll of identify for 20 gold pieces
  4295 | D:6      | Reached XP level 9. HP: 78/78 MP: 9/9
  4347 | D:6      | Found a shadowy altar of Dithmenos.
  4371 | D:6      | Reached skill level 7 in Fighting
  4539 | D:6      | Found Diebumoo's Assorted Antiques.
  4563 | D:6      | Reached skill level 10 in Axes
  4915 | D:6      | Noticed Eustachio
  4945 | D:6      | Killed Eustachio
  5045 | D:6      | Noticed a two-headed ogre
  5059 | D:6      | a two-headed ogre changed into a torpor snail
  5059 | D:6      | Noticed a torpor snail
  5098 | D:6      | Killed a torpor snail
  5099 | D:6      | Reached skill level 7 in Armour
  5099 | D:6      | Reached skill level 7 in Shields
  5407 | D:6      | Found a burning altar of Makhleb.
  5469 | D:7      | Noticed Duvessa
  5469 | D:7      | Noticed Dowan
  5477 | D:7      | Killed Dowan
  5478 | D:7      | Reached skill level 11 in Axes
  5485 | D:7      | Killed Duvessa
  5871 | D:7      | Found a flagged portal.
  5883 | D:7      | Reached * piety under Ashenzari
  5933 | Bailey   | Entered a bailey
  6006 | Bailey   | Reached skill level 8 in Fighting
  6105 | Bailey   | Identified the cursed +0 helmet "Share My Activism" {Alch,
                  | Melee} (You found it on level 2 of the Dungeon)
  6273 | Bailey   | Reached XP level 10. HP: 43/88 MP: 10/10
  6313 | Bailey   | Noticed an orc knight
  6369 | Bailey   | Killed an orc knight
  6370 | Bailey   | Reached skill level 12 in Axes
  6661 | Bailey   | Found an iron altar of Okawaru.
  6691 | Bailey   | Noticed an orc high priest
  6712 | Bailey   | Killed an orc high priest
  6713 | Bailey   | Reached skill level 8 in Armour
  6713 | Bailey   | Reached skill level 8 in Shields
  6785 | Bailey   | Noticed an orc high priest
  6843 | Bailey   | HP: 6/90 [ice devil[an orc high priest] (11)]
  6843 | Bailey   | Killed from afar by an orc high priest

Vanquished Creatures
  An orc high priest (Bailey)
  An orc knight (Bailey)
  A torpor snail (D:6)
  Maggie (D:6)
  Grinder (D:4)
  Sigmund (D:4)
  Eustachio (D:6)
  Duvessa (D:7)
  A black bear (D:5)
  An ice beast (D:6)
  8 orc warriors
  A centaur (D:3)
  A phantom (D:6)
  A kobold brigand (D:7)
  A bullfrog (D:5)
  A necrophage (D:4)
  5 scorpions
  A wight (D:6)
  Dowan (D:7)
  2 howler monkeys
  A crimson imp (D:6)
  5 hounds
  An orc priest (D:6)
  A gnoll bouda (D:6)
  A jelly (D:6)
  3 iguanas
  Ijyb (D:4)
  2 orc wizards (D:6)
  16 gnolls
  4 adders
  3 white imps (D:6)
  4 dart slugs
  10 orcs
  8 ball pythons
  10 bats
  5 endoplasms
  A giant cockroach (D:2)
  7 hobgoblins
  6 jackals
  20 kobolds
  4 quokkas
  7 frilled lizards
  16 goblins
  A rat (D:1)
169 creatures vanquished.

Table legend: (Time is in decaauts)
 A = Elapsed time spent in this place.
 B = Non-inter-level travel time spent in this place.
 C = Inter-level travel time spent in this place.
 D = Time resting spent in this place.
 E = Time spent auto-exploring this place.
 F = Levels seen in this place.
 G = Mean time per level.
                   A        B        C        D        E       F      G
               +--------+--------+--------+--------+--------+-----+--------+
         Total |   6922 |   6505 |    417 |   1440 |   3592 |   9 |  769.1 |
       Dungeon |   5993 |   5593 |    400 |   1032 |   3360 |   7 |  856.1 |
        Temple |     48 |     31 |     17 |      0 |     17 |   1 |   48.0 |
        Bailey |    879 |    879 |      0 |    407 |    215 |   1 |  879.0 |
               +--------+--------+--------+--------+--------+-----+--------+

Top non-repeatable levels by time:
     D:6: 1710 daAuts
     D:4: 1057 daAuts
     D:3: 992 daAuts
  Bailey: 879 daAuts
     D:1: 727 daAuts
     D:2: 661 daAuts
     D:5: 554 daAuts
     D:7: 289 daAuts
  Temple: 48 daAuts

Table legend:
 A = Non-vault XP
 B = Vault XP
 C = Vault XP percentage of total XP
 D = Non-vault monster count
 E = Vault monster count
 F = Vault count percentage of total count
                 A         B        C        D         E       F
            +---------+---------+-------+---------+---------+-------
      Total |    1914 |    4771 |  71.4 |     112 |      57 |  33.7
            +---------+---------+-------+---------+---------+-------
        D:1 |      46 |       0 |   0.0 |      26 |       0 |   0.0
        D:2 |      36 |       0 |   0.0 |      14 |       0 |   0.0
        D:3 |     152 |       0 |   0.0 |      19 |       0 |   0.0
        D:4 |     270 |     549 |  67.0 |      14 |       3 |  17.6
        D:5 |     488 |       0 |   0.0 |       9 |       0 |   0.0
        D:6 |     810 |    1446 |  64.1 |      22 |      15 |  40.5
        D:7 |     112 |     224 |  66.7 |       8 |       6 |  42.9
     Bailey |       0 |    2552 | 100.0 |       0 |      33 | 100.0
            +---------+---------+-------+---------+---------+-------
